 Dungeon Crawl Stone Soup version 0.31.0-11-ge490571c62 (webtiles) character file.

Game seed: 6595565004648589935

1788376 tymior the Ruinous (level 27, 176/176 HPs)
             Began as a Tengu Air Elementalist on Jan 30, 2024.
             Was the Champion of Ashenzari.
             Escaped with the Orb
             ... and 3 runes on Jan 31, 2024!
             The game lasted 06:10:18 (63709 turns).

tymior the Ruinous (Tengu Air Elementalist)        Turns: 63709, Time: 06:10:18

Health: 176/176    AC: 18    Str: 11    XL:     27
Magic:  46/46      EV: 41    Int: 32    God:    Ashenzari [******]
Gold:   6456       SH: 13    Dex: 16    Spells: 3/73 levels left

rFire   + + +        M - staff "Pangnostic Disgust" (curse) {rF+ rC++ rN+ Necro, Melee, Elem} (curse)
rCold   + + .        w - +2 kite shield of the Tethered Ether {rF+ Dex+3, Dev, Sorc} (curse)
rNeg    + + +        V - +6 ring mail of Ashenzari's Elitism {^Drain rN+ Int+2, Elem, Self} (curse)
rPois   +            P - +2 hat of the Mantic Trepidation {rPois Dex+3, Dev, Elem} (curse)
rElec   +            d - scarf "Share My Ordeal" {+Inv, rElec rF+ rN+, Self, Sorc} (curse)
rCorr   .            t - +1 pair of gloves of the Cosmic Henotheism {Int+2, Elem, Dev} (curse)
SInv    +            (boots unavailable)
Will    ++...        y - amulet of the Eternal Seer {RegenMP Regen+ Slay+5, Self, Cun} (curse)
Stlth   ++           W - ring of the Hare {EV+10, Dev, Elem} (curse)
HPRegen 1.29/turn    z - ring "Esoteric Ennui" {EV+7, Elem, Melee} (curse)
MPRegen 0.70/turn

%: acrobat, clarity
@: flying, studying 2 skills
A: beak, talons 3, evasive flight, acrobatic, iridescent scales 1, berserk 1,
clumsy 2, deformed body, deterioration 1, frail 1, low MP 1, wild magic 1,
inability to read after injury 1
0: Orb of Zot
}: 3/15 runes: serpentine, barnacled, silver
a: Renounce Religion, Evoke Invisibility, Shatter the Chains


You escaped.
You worshipped Ashenzari.
Ashenzari was exalted by your worship.
You visited 10 branches of the dungeon, and saw 48 of its levels.
You visited 1 ziggurat, and saw 12 of its levels.
You also visited: Ice Cave.

You collected 7601 gold pieces.
You spent 1145 gold pieces at shops.

Inventory:

Hand Weapons
 c - the +7 great mace "Firestarter" {flame, immolate, rFlCloud rF++}
   (You found it on level 2 of a ziggurat)

   rFlCloud:  It grants immunity to clouds of flame.
   rF++:      It greatly protects you from fire.
Missiles
 F - 26 poisoned darts (quivered)
Armour
 d - the cursed scarf "Share My Ordeal" (worn) {+Inv, rElec rF+ rN+, Self, Sorc}
   (You acquired it on level 4 of the Dungeon)

   rF+:       It protects you from fire.
   rElec:     It insulates you from electricity.
   rN+:       It protects you from negative energy.
   It has a curse which improves the following skills: Introspection: Fighting
   and Spellcasting.
   Sorcery:   Conjurations and Alchemy.
 k - a +0 cloak of preservation
 t - the cursed +1 pair of gloves of the Cosmic Henotheism (worn) {Int+2, Elem, Dev}
   (You found it on level 3 of the Dungeon)

   Int+2:     It affects your intelligence (+2).
   It has a curse which improves the following skills: Elements: Fire Magic, Ice
   Magic, Air Magic and Earth Magic.
   Devices:   Evocations and Shapeshifting.
 w - the cursed +2 kite shield of the Tethered Ether (worn) {rF+ Dex+3, Dev, Sorc}
   (You took it off Donald on level 1 of the Snake Pit)

   Dex+3:     It affects your dexterity (+3).
   rF+:       It protects you from fire.
   It has a curse which improves the following skills: Devices: Evocations and
   Shapeshifting.
   Sorcery:   Conjurations and Alchemy.
 P - the cursed +2 hat of the Mantic Trepidation (worn) {rPois Dex+3, Dev, Elem}
   (You found it on level 11 of the Dungeon)

   Dex+3:     It affects your dexterity (+3).
   rPois:     It protects you from poison It has a curse which improves the
   following skills: Devices: Evocations and Shapeshifting.
   Elements:  Fire Magic, Ice Magic, Air Magic and Earth Magic.
 V - the cursed +6 ring mail of Ashenzari's Elitism (worn) {^Drain rN+ Int+2, Elem, Self}
   (You took it off a deep elf master archer on level 3 of the Elven Halls)

   Int+2:     It affects your intelligence (+2).
   rN+:       It protects you from negative energy.
   ^Drain:    It drains your maximum health when unequipped.
   It has a curse which improves the following skills: Elements: Fire Magic, Ice
   Magic, Air Magic and Earth Magic.
   Introspection: Fighting and Spellcasting.
Magical Staves
 a - a staff of conjuration
 i - the staff "Bung" {rF+ Dex+2 Fire}
   (You found it on level 6 of a ziggurat)

   [staff of fire]

   Base accuracy: +5 Base damage: 5 Base attack delay: 1.2 This weapon's minimum
   attack delay (0.6) is reached at skill level 12.
   Dex+2:     It affects your dexterity (+2).
   rF+:       It protects you from fire.
   Fire:      It increases the power of your Fire spells.
   It falls into the 'Staves' category.
   It is a one-handed weapon.
 M - the cursed staff "Pangnostic Disgust" (weapon) {rF+ rC++ rN+ Necro, Melee, Elem}
   (You found it on level 7 of a ziggurat)

   [staff of death]

   Base accuracy: +5 Base damage: 5 Base attack delay: 1.2 This weapon's minimum
   attack delay (0.6) is reached at skill level 12.
   rF+:       It protects you from fire.
   rC++:      It greatly protects you from cold.
   rN+:       It protects you from negative energy.
   Necro:     It increases the power of your Necromancy spells.
   It falls into the 'Staves' category.
   It is a one-handed weapon.
   It has a curse which improves the following skills: Melee Combat: Short
   Blades, Long Blades, Axes, Maces & Flails, Polearms, Staves and Unarmed
   Combat.
   Elements:  Fire Magic, Ice Magic, Air Magic and Earth Magic.
Jewellery
 b - a ring of protection from cold
 q - the ring of the Komodo Dragon {rPois Str+4 Int+3 Dex-2 Slay+4}
   (You found it on level 10 of a ziggurat)

   [ring of slaying]

   Str+4:     It affects your strength (+4).
   Int+3:     It affects your intelligence (+3).
   Dex-2:     It affects your dexterity (-2).
   Slay+4:    It affects your accuracy & damage with ranged weapons and melee
   (+4).
   rPois:     It protects you from poison
 y - the cursed amulet of the Eternal Seer (around neck) {RegenMP Regen+ Slay+5, Self, Cun}
   (You found it on level 5 of the Vaults)

   [amulet of magic regeneration]

   RegenMP:   It increases your rate of magic regeneration.
   Slay+5:    It affects your accuracy & damage with ranged weapons and melee
   (+5).
   Regen+:    It increases your rate of health regeneration.
   It has a curse which improves the following skills: Introspection: Fighting
   and Spellcasting.
   Cunning:   Dodging and Stealth.
 z - the cursed ring "Esoteric Ennui" (right hand) {EV+7, Elem, Melee}
   (You bought it in a shop on level 2 of the Dungeon)

   [ring of evasion]

   EV+7:      It affects your evasion (+7).
   It has a curse which improves the following skills: Elements: Fire Magic, Ice
   Magic, Air Magic and Earth Magic.
   Melee Combat: Short Blades, Long Blades, Axes, Maces & Flails, Polearms,
   Staves and Unarmed Combat.
 L - the ring "Atiomog" {Ice +Blink rElec Will+ Int+4}
   (You found it on level 12 of a ziggurat)

   [ring of ice]

   Ice:       It enhances your ice magic.
   Int+4:     It affects your intelligence (+4).
   rF-:       It makes you vulnerable to fire.
   rC+:       It protects you from cold.
   rElec:     It insulates you from electricity.
   Will+:     It increases your willpower.
   +Blink:    It lets you blink.
 Q - the ring of Feag {+Blink rCorr Str-4 Int+8 Stlth-}
   (You took it off a deep elf master archer on level 3 of the Elven Halls)

   [ring of resist corrosion]

   Str-4:     It affects your strength (-4).
   Int+8:     It affects your intelligence (+8).
   +Blink:    It lets you blink.
   rCorr:     It protects you from acid and corrosion.
   Stlth-:    It makes you less stealthy.
 W - the cursed ring of the Hare (left hand) {EV+10, Dev, Elem}
   (You found it on level 13 of the Dungeon)

   [ring of evasion]

   EV+10:     It affects your evasion (+10).
   It has a curse which improves the following skills: Devices: Evocations and
   Shapeshifting.
   Elements:  Fire Magic, Ice Magic, Air Magic and Earth Magic.
 X - an amulet of reflection
 Y - a +5 ring of evasion
Wands
 e - a wand of paralysis (31)
 u - a wand of flame (3)
 x - a wand of polymorph (63)
 A - a wand of digging (21)
 C - a wand of light (13)
 G - a wand of mindburst (24)
 I - a wand of roots (53)
Scrolls
 f - 15 scrolls of amnesia
 g - 11 scrolls of enchant weapon
 h - 8 scrolls of teleportation
 j - 3 scrolls of silence
 l - 11 scrolls of immolation
 o - 3 scrolls of butterflies
 s - 4 scrolls of fog
 v - 8 scrolls of poison
 B - 8 scrolls of revelation
 D - a scroll of blinking
 H - 9 scrolls of enchant armour
 T - 6 scrolls of fear
Potions
 m - 18 potions of curing
 n - 3 potions of lignification
 r - 2 potions of cancellation
 E - 7 potions of ambrosia
 J - a potion of invisibility
 K - 4 potions of resistance
 N - 3 potions of enlightenment
 O - 4 potions of haste
 R - 4 potions of mutation
 U - 4 potions of brilliance
Miscellaneous
 p - a lightning rod (4/4)
 S - a phial of floods


   Skills:
 + Level 22.2(26.5) Fighting
 - Level 5.8(9.4) Staves
 + Level 12.9 Armour
 + Level 20.5(22.7) Dodging
 - Level 13.1(15.5) Stealth
 - Level 8.2 Shields
 + Level 19.2(23.6) Spellcasting
 - Level 26.4(27) Conjurations
 - Level 16.4 Summonings
 - Level 5.8 Necromancy
 + Level 21.2(27) Fire Magic
 - Level 16.2(23.6) Air Magic
 - Level 5.9(11.3) Evocations


You had 3 spell levels left.
You knew the following spells:

 Your Spells              Type           Power      Damage    Failure   Level
a - Shock                 Conj/Air       100%       1d9       1%          1
b - Static Discharge      Conj/Air       100%       3-8/arc   1%          2
c - Fire Storm            Conj/Fire      67%        8d17      11%         9
d - Swiftness             Air            100%       N/A       1%          3
e - Fireball              Conj/Fire      67%        3d25      1%          5
f - Spellforged Servitor  Conj/Summ      62%        N/A       1%          7
g - Orb of Destruction    Conj           67%        9d16      1%          7
h - Blink                 Tloc           98%        N/A       10%         2
i - Arcjolt               Conj/Air       65%        1d75      1%          5
j - Plasma Beam           Fire/Air       65%        2x1d82    1%          6
k - Ignition              Fire           67%        3d18      1%          8
l - Summon Hydra          Summ           55%        N/A       7%          7
m - Maxwell's Capacitive  Air            64%        ∞         3%          8

Your spell library contained the following spells:

 Spells                   Type           Power      Damage    Failure   Level
 Foxfire                  Conj/Fire      100%       2x1d9     1%          1
 Kiss of Death            Conj/Necr      100%       2d13      1%          1
 Magic Dart               Conj           100%       1d8       1%          1
 Necrotise                Necr           100%       1d9       1%          1
 Sting                    Conj/Alch      100%       1d9       1%          1
 Summon Small Mammal      Summ           100%       N/A       1%          1
 Call Imp                 Summ           100%       N/A       1%          2
 Mercury Vapours          Alch/Air       100%       N/A       1%          2
 Momentum Strike          Conj/Tloc      100%       3d10      1%          2
 Scorch                   Fire           100%       2d9       1%          2
 Searing Ray              Conj           100%       2d8       1%          2
 Sublimation of Blood     Necr           98%        N/A       1%          2
 Call Canine Familiar     Summ           100%       N/A       1%          3
 Dazzling Flash           Conj/Hex       100%       N/A       1%          3
 Inner Flame              Hex/Fire       100%       N/A       1%          3
 Mephitic Cloud           Conj/Alch/Air  100%       N/A       1%          3
 Stone Arrow              Conj/Erth      100%       3d13      1%          3
 Summon Ice Beast         Ice/Summ       89%        N/A       1%          3
 Fugue of the Fallen      Necr           98%        N/A       2%          3
 Vampiric Draining        Necr           98%        2d13      2%          3
 Freeze                   Ice            100%       1d10      4%          1
 Apportation              Tloc           98%        N/A       7%          1
 Slow                     Hex            100%       N/A       7%          1
 Ensorcelled Hibernation  Hex/Ice        100%       N/A       9%          2
 Jinxbite                 Hex            98%        N/A       10%         2
 Lesser Beckoning         Tloc           98%        N/A       10%         2
 Frozen Ramparts          Ice            100%       1d16      13%         3
 Ozocubu's Armour         Ice            55%        N/A       13%         3
 Passwall                 Erth           55%        N/A       13%         3
 Confusing Touch          Hex            49%        N/A       19%         3
 Gell's Gravitas          Tloc           49%        N/A       19%         3
 Sigil of Binding         Hex            49%        N/A       19%         3
 Teleport Other           Tloc           49%        N/A       19%         3
 Tukima's Dance           Hex            49%        N/A       19%         3
 Airstrike                Air            64%        2d(10-26) 1%          4
 Brom's Barrelling Bould  Conj/Erth      100%       2d11      1%          4
 Flame Wave               Conj/Fire      100%       2d21      1%          4
 Fulminant Prism          Conj/Alch      52%        3d23      1%          4
 Ignite Poison            Fire/Alch      100%       N/A       1%          4
 Iskenderun's Mystic Bla  Conj/Tloc      100%       2d19      1%          4
 Martyr's Knell           Necr/Summ      100%       N/A       1%          4
 Sticky Flame             Fire/Alch      100%       2d15      1%          4
 Summon Lightning Spire   Summ/Air       100%       N/A       1%          4
 Vhi's Electric Charge    Tloc/Air       100%       N/A       1%          4
 Irradiate                Conj/Alch      52%        3d29      1%          5
 Iskenderun's Battlesphe  Conj           100%       2d15      1%          5
 Silence                  Hex/Air        49%        N/A       1%          5
 Conjure Ball Lightning   Conj/Air       65%        3x3d23    1%          6
 Starburst                Conj/Fire      67%        6d17      1%          6
 Summon Cactus Giant      Summ           55%        N/A       1%          6
 Animate Armour           Summ/Erth      100%       N/A       2%          4
 Bombard                  Conj/Erth      52%        9d9       3%          6
 Dispel Undead            Necr           98%        3d31      7%          4
 Summon Forest            Summ/Tloc      43%        N/A       7%          5
 Summon Mana Viper        Hex/Summ       87%        N/A       7%          5
 Curse of Agony           Necr           98%        N/A       16%         5
 Anguish                  Hex/Necr       41%        N/A       19%         4
 Chain Lightning          Conj/Air       65%        3d87      21%         9
 Leda's Liquefaction      Alch/Erth      27%        N/A       38%         4
 Summon Horrible Things   Summ           55%        N/A       41%         8
 Olgreb's Toxic Radiance  Alch           52%        N/A       43%         4
 Haunt                    Necr/Summ      59%        N/A       45%         7
 Cause Fear               Hex            24%        N/A       47%         4
 Dimensional Bullseye     Hex/Tloc       24%        N/A       47%         4
 Passage of Golubria      Tloc           49%        N/A       47%         4
 Lee's Rapid Deconstruct  Erth           27%        3d15*     67%         5
 Lehudib's Crystal Spear  Conj/Erth      52%        10d12     73%         8
 Metabolic Englaciation   Hex/Ice        26%        N/A       75%         5
 Alistair's Intoxication  Alch           34%        N/A       77%         5
 Yara's Violent Unravell  Hex/Alch       25%        3d11      80%         5
 Malign Gateway           Summ/Tloc      43%        N/A       83%         7
 Sculpt Simulacrum        Ice/Alch       27%        N/A       99%         6
 Dragon's Call            Summ           55%        N/A       99%         9
 Eringya's Noxious Bog    Alch           26%        4d6       100%        6
 Enfeeble                 Hex            24%        N/A       100%        7
 Ozocubu's Refrigeration  Ice            27%        4d13      100%        7
 Borgnjor's Revivificati  Necr           49%        N/A       100%        8
 Discord                  Hex            24%        N/A       100%        8
 Death's Door             Necr           49%        N/A       100%        9
 Polar Vortex             Ice            27%        12d3*     100%        9
 Shatter                  Erth           27%        3d23*     100%        9


Dungeon Overview and Level Annotations

Branches:
Dungeon (15/15)            Temple (1/1) D:6            Lair (5/5) D:8
 Shoals (4/4) Lair:3        Snake (4/4) Lair:3        Slime (0/5) Lair:5
    Orc (2/2) D:12            Elf (3/3) Orc:2        Vaults (5/5) D:13
  Crypt (0/3) Vaults:2     Depths (4/4) D:15            Zot (5/5) Depths:4
  IceCv (visited)

Altars:
Ashenzari
Cheibriados
Dithmenos
Elyvilon
Fedhas
Gozag
Hepliaklqana
Kikubaaqudgha
Makhleb
Nemelex Xobeh
Okawaru
Qazlal
Ru
Sif Muna
Trog
Uskayaw
Vehumet
Wu Jian
Xom
Yredelemnul
Zin
The Shining One

Shops:
D:1 (   D:2 =   D:10 *   D:11 [   D:13 [   Orc:2 *[(=*   Elf:2 [   Shoals:3 :
Vaults:3 ?   Depths:1 **

Portals:
Hell: Depths:1 Depths:2 Depths:3 Depths:4
Abyss: Depths:1 Depths:2 Depths:3 Depths:4
Pandemonium: Depths:1 Depths:2

Annotations:
D:6 1 runed translucent door, TheRegalBeagle's ghost, novice OnBe
D:13 1 runed translucent door
Lair:5 exclusion: obsidian statue
Shoals:4 1 runed translucent door, FoolsGold's ghost, adept MiBe
Elf:2 5 runed translucent doors
Zot:5 exclusion: obsidian statue


Innate Abilities, Weirdness & Mutations

You have a beak for a mouth.
You have claws for feet.
Your magical flight helps you evade attacks. (EV +4)
You can magically evade attacks while moving or waiting.
You are partially covered in iridescent scales. (AC +2)
You sometimes lose your temper in combat.
You are very clumsy. (Dex -4)
Armour fits poorly on your strangely shaped body.
Your body sometimes deteriorates upon taking damage.
You are frail. (-10% HP)
Your magical capacity is low. (-10% MP)
Your spells are a little harder to cast, but a little more powerful.
You occasionally lose the ability to read scrolls when taking damage.


Message History

Aiming: Dig
Press: ? - help, Shift-Dir - straight line A rock wall.
This square is covered in magical glow.
The rock shatters into small pieces.
You see here a +0 robe.
There is a stone staircase leading up here.
You feel better.
You feel better.
You fly upwards.
There is a stone staircase leading down here.
A daeva comes into view.
It is wielding a +3 long sword of holy wrath.
There is an escape hatch in the floor here.
You can't go up here!
Your extra speed is starting to run out.
Aiming: Dig
Press: ? - help, Shift-Dir - straight line This square is covered in magical glow.
The rock shatters into small pieces.
You feel yourself slow down.
There is a stone staircase leading up here.
You fly upwards.
There is a stone staircase leading down here.
There is a stone staircase leading up here.
You fly upwards.
There is a stone staircase leading down here.
You feel yourself speed up.
There is a stone staircase leading up here.
You fly upwards.
There is a stone staircase leading down here.
A sun demon comes into view.
Aiming: Dig
Press: ? - help, Shift-Dir - straight line A rock wall.
This square is covered in magical glow.
The rock shatters into small pieces.
Your extra speed is starting to run out.
You feel yourself slow down.
There is a staircase leading out of the dungeon here.
You have escaped!

##.##.#.##...###########.#####.##
...#..................##...##.##
#####.#.##............##.#...##
...##.#.##............##.##.##
##.#..............♣...##.##{.####
.#.##.#..#.......8.....3.{.......
.#.##.#.###............#.####..#.
.#.#.....................# #..#.
##.####.###.....@.....#### #..#.
...# #.# #...........# #..#. ####
#.# #..###.###### #.... ...# #.#
#..##..####.## #..#. ##.# #.#
#............#### #..#. .#.####.#
#.#########.#...###..#.
.#.#..#.###.# #..........#.
.#.#.....##†#########..........#.
##.#..#..##........##.........##.


You could see a sun demon.

Vanquished Creatures
  3 orbs of fire (Zot:5)
  6 dread liches
  A juggernaut (Depths:2)
  A royal mummy (Zig:9)
  Josephina (Zot:4)
  A Killer Klown (Zot:5)
  2 curse toes
  2 caustic shrikes
  A golden dragon (Zot:2)
  Nikola (Shoals:3)
  A pandemonium lord (Zig:12)
  3 Tzitzimimeh
  An electric golem (Zot:3)
  A Hell Sentinel (Zig:3)
  12 Orb Guardians (Zot:5)
  2 Ice Fiends
  9 tentacled monstrosities
  A titan (Vaults:5)
  A lich (Depths:2)
  6 quicksilver dragons
  6 sphinxes
  2 deep elf blademasters (Elf:3)
  3 deep elf master archers
  A walking frostbound tome (Depths:4)
  9 death cobs
  An Executioner (Zig:12)
  8 tengu reavers
  Aizul (Snake:4)
  13 storm dragons
  11 shadow dragons
  Donald (Snake:1)
  8 draconian monks
  11 nagarajas (Snake:4)
  A demonspawn warmonger (Zig:12)
  Ilsuiw (Shoals:4)
  A revenant (Zig:11)
  8 fire giants
  3 protean progenitors
  Louise (Shoals:3)
  5 draconian knights
  5 deep elf sorcerers
  5 draconian shifters
  3 frost giants
  17 vault wardens
  2 ghost moths
  An orc warlord (Vaults:2)
  An iron dragon (Depths:2)
  4 draconian stormcallers
  5 draconian scorchers
  2 balrugs
  7 deep elf elementalists
  3 spriggan defenders (Depths:3)
  2 reapers
  3 broodmothers
  19 ironbound preservers
  3 draconian annihilators
  12 stone giants
  A curse skull (Zig:11)
  A caustic shrike skeleton (Depths:3)
  2 demonspawn corrupters
  4 formless jellyfish
  5 vampire knights
  6 ironbound thunderhulks
  11 green draconians
  25 very ugly things
  Nessos (D:12)
  5 deep elf demonologists (Elf:3)
  10 deep elf annihilators
  12 black draconians
  13 dire elephants
  3 war gargoyles
  7 purple draconians
  7 red draconians
  11 yellow draconians
  A spark wasp (Depths:3)
  8 white draconians
  3 eidola (Zig:11)
  2 lorocyprocas
  9 deep elf death magi
  3 merfolk javelineers
  9 merfolk impalers
  2 blizzard demons
  An iron golem (Zig:3)
  A mummy priest (Zig:9)
  16 ettins
  19 yaktaur captains
  7 great orbs of eyes
  8 fire dragons
  A peacekeeper (Vaults:3)
  2 entropy weavers (Vaults:3)
  12 ice dragons
  4 deep elf high priests
  2 caustic shrike simulacra (IceCv)
  7 rakshasas
  5 salamander tyrants
  4 spriggan air magi
  45 vault guards
  2 ogre magi
  6 hydras
  6 merfolk avatars
  A radroach (Zig:7)
  10 ironbound frosthearts
  An alligator snapping turtle (Shoals:4)
  17 centaur warriors
  8 anacondas
  2 merfolk aquamancers
  9 two-headed ogres
  2 death scarabs (Zig:9)
  2 two-headed ogres (shapeshifter)
  9 boulder beetles
  14 dancing weapons
  A satyr (Shoals:3)
  14 naga warriors
  2 spectral dire elephants (Lair:5)
  9 deep troll shamans
  5 orc high priests (Orc:2)
  4 tengu warriors
  5 vampire magi
  6 spriggan berserkers
  19 naga sharpshooters
  6 deep troll earth magi
  3 occultists
  Urug (Lair:2)
  7 death yaks
  A shock serpent (shapeshifter) (Zig:8)
  2 demonic crawlers (Zig:7)
  5 shock serpents
  A thrashing horror (Zig:6)
  12 deep elf knights
  Sonja (Orc:2)
  A sun demon (Depths:2)
  A titan zombie (Zig:9)
  2 soul eaters
  2 skysharks
  A crystal echidna (Zig:3)
  2 hell knights
  A sixfirhy (D:7)
  6 salamander mystics
  A pharaoh ant (Zig:7)
  2 wretched stars (Zig:6)
  A shadow wraith (Zig:6)
  16 sea snakes
  9 large abominations
  3 iron trolls
  Lodul (D:10)
  62 deep trolls
  A quicksilver dragon simulacrum (Zot:4)
  8 mana vipers
  11 spriggan simulacra
  2 flayed ghosts
  A spectral anaconda (Lair:5)
  6 arcanists
  A bog body (IceCv)
  2 glowing orange brains
  An obsidian statue (IceCv)
  A glowing orange brain (shapeshifter) (Vaults:5)
  A deep troll (shapeshifter) (Depths:3)
  5 naga ritualists
  9 orc knights
  12 deep elf archers
  A lindwurm (Vaults:4)
  3 phantasmal warriors
  14 ironbound convokers
  26 deep elf zephyrmancers
  2 shadow dragon zombies
  A steelbarb worm (shapeshifter) (Zig:4)
  19 harpies
  A tengu zombie (Depths:2)
  4 orc sorcerers
  3 wolf spiders
  7 necromancers
  14 fauns
  A cyclops (shapeshifter) (Elf:3)
  18 manticores
  31 deep elf pyromancers
  26 salamanders
  49 ugly things
  5 cyclopes
  Maurice (D:8)
  A black mamba (shapeshifter) (Elf:1)
  22 naga magi
  A meliai (Zig:7)
  21 moths of wrath
  21 elephants
  32 black mambas
  40 slime creatures
  9 merfolk sirens
  A dire elephant zombie (Lair:5)
  4 water nymphs
  2 centaur zombies (D:10)
  A titan simulacrum (Depths:3)
  10 guardian serpents
  An ice statue (Zig:5)
  2 torpor snails (shapeshifter) (Vaults:5)
  5 molten gargoyles
  6 kobold blastminers
  A storm dragon simulacrum (Zot:4)
  4 smoke demons
  3 torpor snails
  A cane toad (shapeshifter) (D:13)
  An orange demon (D:7)
  A dire elephant skeleton (Lair:5)
  13 cane toads
  16 vault sentinels
  An unseen horror (shapeshifter) (D:13)
  6 gargoyles
  48 yaktaurs
  2 unseen horrors
  A hellion (Zig:12)
  2 rime drakes
  6 freezing wraiths
  A kobold demonologist (D:11)
  5 komodo dragons
  6 tengu conjurers
  An anaconda simulacrum (IceCv)
  3 ice devils (IceCv)
  2 ancient zymes (Zig:6)
  A golden dragon simulacrum (IceCv)
  6 guardian mummies (Zig:9)
  5 trolls
  2 merfolk (shapeshifter)
  A hellwing (Depths:4)
  37 merfolk
  5 wind drakes
  A polar bear (Lair:3)
  A raiju (D:15)
  A hornet (Depths:3)
  2 blink frogs (shapeshifter)
  2 alligator simulacra (IceCv)
  A glass eye (Depths:1)
  A glass eye (shapeshifter) (Depths:4)
  10 blink frogs
  9 snapping turtles
  A culicivora (shapeshifter) (Vaults:5)
  6 dream sheep
  2 jumping spiders (shapeshifter)
  A jumping spider (Zig:7)
  2 air elementals
  17 water elementals
  2 shadows (D:11)
  33 yaks
  A wraith (D:11)
  A dire elephant simulacrum (IceCv)
  3 wyverns
  2 vampires
  2 fire bats (Depths:2)
  2 ushabtiu (Zig:9)
  5 basilisks
  A spriggan (Depths:3)
  A warg (shapeshifter) (Elf:1)
  3 fire elementals
  2 steam dragons
  10 minotaur simulacra (IceCv)
  A warg (Orc:1)
  Grum (D:8)
  A green draconian simulacrum (Zot:4)
  A neqoxec (Zig:6)
  5 redbacks
  11 vampire mosquitoes
  3 chaos spawn (Depths:1)
  2 harpy simulacra
  2 swamp worms (shapeshifter)
  3 small abominations (Depths:1)
  3 spectral cane toads (Lair:5)
  Duvessa (D:4)
  60 nagas
  2 acid dragons
  A glowing shapeshifter skeleton (Depths:3)
  11 water moccasins
  2 ice beasts (D:7)
  A moth of wrath simulacrum (Zot:4)
  A swamp drake (D:11)
  29 orc warriors
  2 ettin simulacra (IceCv)
  A black bear (D:6)
  2 sky beasts
  6 boggarts
  An elephant zombie (Lair:5)
  20 ogres
  6 wolves
  A centaur (D:7)
  2 elephant skeletons (Lair:5)
  3 phantoms
  3 kobold brigands (D:7)
  12 bullfrogs
  2 gnoll sergeants (D:7)
  4 earth elementals
  4 cane toad simulacra (Lair:5)
  6 deep troll simulacra (IceCv)
  2 scorpions
  6 wights
  Dowan (D:4)
  6 killer bees (D:9)
  2 elephant simulacra (Lair:5)
  3 lindwurm simulacra (IceCv)
  12 howler monkeys
  An electric eel (D:11)
  A bombardier beetle (D:5)
  4 jellies
  Crazy Yiuf (D:4)
  17 hounds
  34 orc priests
  Jessica (D:2)
  Natasha (thrice) (D:2)
  4 gnoll boudas
  21 orc wizards
  A sleepcap (D:8)
  4 hell rats (Lair:4)
  3 iguanas
  10 mummies (Zig:9)
  26 gnolls
  6 adders
  A shadow imp (D:11)
  A white imp (D:11)
  2 dart slugs
  3 ribbon worms
  81 orcs
  8 bats
  12 endoplasms
  3 giant cockroaches
  9 goblins
  5 hobgoblins
  3 quokkas
  6 ball pythons
  3 frilled lizards
  2 kobolds
  9 rats
  An aspiring flesh (Zot:3)
2150 creatures vanquished.

Vanquished Creatures (collateral kills)
  2 dread liches
  5 orbs of fire (Zot:5)
  An ancient lich (Depths:3)
  A caustic shrike (Zig:5)
  3 curse toes
  7 golden dragons
  A Brimstone Fiend (Zig:12)
  An electric golem (Zot:5)
  15 tentacled monstrosities
  A lich (Zig:6)
  12 Orb Guardians
  A titan (Vaults:5)
  A sphinx (Vaults:5)
  2 quicksilver dragons
  3 death cobs
  3 tengu reavers (Vaults:5)
  3 protean progenitors
  14 storm dragons
  3 draconian monks
  3 shadow dragons
  A fire giant (Depths:3)
  2 frost giants
  An emperor scorpion (Zig:7)
  A balrug (Zig:12)
  2 iron dragons (Zot:3)
  A draconian knight (Zot:1)
  4 vault wardens (Vaults:5)
  A deep elf sorcerer (Vaults:5)
  A draconian shifter (Zot:2)
  3 draconian scorchers
  A deep elf elementalist (Elf:1)
  2 draconian annihilators
  2 cacodemons
  2 draconian stormcallers
  5 ironbound preservers
  2 demonspawn blood saints
  5 very ugly things
  2 stone giants
  4 black draconians
  A deep elf demonologist (Vaults:5)
  2 green draconians
  2 war gargoyles (Vaults:5)
  8 red draconians
  5 yellow draconians
  6 purple draconians
  2 white draconians
  A blizzard demon (Zot:5)
  5 fire dragons
  2 ettins
  2 yaktaur captains
  4 ice dragons
  2 vault guards (Vaults:5)
  A peacekeeper (Vaults:4)
  A centaur warrior (D:15)
  A boulder beetle (D:15)
  2 death yaks (Zot:1)
  A tengu warrior (Depths:4)
  2 deep troll earth magi
  A dancing weapon (Zig:8)
  4 hell knights (Depths:2)
  A sun demon (Depths:2)
  2 iron trolls
  A spark wasp zombie (Depths:2)
  11 deep trolls
  A flayed ghost (Depths:4)
  A shadow demon (Zot:5)
  An orange crystal statue (Zig:5)
  An ironbound convoker (Vaults:5)
  An obsidian statue (Zig:5)
  A shining eye (shapeshifter) (Vaults:5)
  A phantasmal warrior (Vaults:5)
  A deep elf zephyrmancer (Elf:1)
  A wolf spider (Zot:3)
  A tengu skeleton (Depths:2)
  A faun (Shoals:2)
  5 ugly things
  10 moths of wrath
  A vault sentinel (Vaults:5)
  A water nymph (Shoals:2)
  2 smoke demons
  2 tengu conjurers (Depths:1)
  2 glass eyes (shapeshifter) (Vaults:5)
  A snapping turtle (Shoals:2)
  A fire bat (Depths:2)
  A culicivora (Zig:1)
  3 water elementals
  An orc wizard (Orc:2)
  An aspiring flesh (Zot:4)
  4 ball lightnings
240 creatures vanquished.

Vanquished Creatures (others)
  Mara (Vaults:5)
  An orb of fire (Zot:5)
  A royal mummy (Zig:9)
  A death cob (Zot:5)
  A shadow dragon (Zot:2)
  A green draconian (Zot:3)
  A merfolk aquamancer (Shoals:2)
  A hell knight (Depths:2)
  An orange crystal statue (Zig:5)
  A deep elf archer (Elf:2)
  A snapping turtle (Shoals:3)
  A yak (shapeshifter) (D:12)
  A crimson imp (D:11)
  An iron imp (D:11)
  An orc wizard (D:11)
  2 orcs (D:11)
  123 ball lightnings
  2 fire vortices (Zot:3)
142 creatures vanquished.

Grand Total: 2532 creatures vanquished

Notes
Turn   | Place    | Note
-------+----------+-------------------------------------------
     0 | D:1      | tymior the Tengu Air Elementalist began the quest for the
                  | Orb.
     0 | D:1      | Reached XP level 1. HP: 10/10 MP: 4/4
   188 | D:1      | Found Nonao's Antique Weapon Shop.
   252 | D:1      | Reached XP level 2. HP: 15/15 MP: 1/6
   310 | D:1      | Reached skill level 2 in Conjurations
   313 | D:1      | Learned a level 2 spell: Static Discharge
   945 | D:1      | Reached XP level 3. HP: 19/19 MP: 7/7
  1227 | D:2      | Noticed Natasha
  1231 | D:2      | Killed Natasha
  1232 | D:2      | Reached skill level 3 in Conjurations
  1241 | D:2      | Reached XP level 4. HP: 14/24 MP: 4/9
  1321 | D:2      | Found a faded altar of an unknown god.
  1379 | D:2      | Noticed Natasha
  1386 | D:2      | Killed Natasha
  1387 | D:2      | Reached skill level 5 in Air Magic
  1444 | D:2      | Learned a level 4 spell: Airstrike
  1452 | D:2      | Noticed Jessica
  1455 | D:2      | Killed Jessica
  1499 | D:2      | Reached XP level 5. HP: 25/28 MP: 10/10
  1638 | D:2      | Found Fextul's One-of-a-Kind Rings.
  1829 | D:2      | Reached skill level 4 in Conjurations
  1848 | D:2      | Learned a level 3 spell: Swiftness
  2097 | D:3      | Reached XP level 6. HP: 32/32 MP: 8/12
  2142 | D:3      | Identified the +1 pair of gloves of the Loofah {Int+2}
  2578 | D:4      | Identified a scroll of acquirement
  2583 | D:4      | Acquired the scarf "Fausugol" {+Inv, rElec rF+ rN+}
  2613 | D:4      | Reached skill level 5 in Conjurations
  2748 | D:4      | Noticed Duvessa
  2748 | D:4      | Noticed Dowan
  2762 | D:4      | Killed Duvessa
  2763 | D:4      | Gained mutation: Your magical flight helps you evade
                  | attacks. (EV +4) [Tengu growth]
  2763 | D:4      | Reached XP level 7. HP: 4/36 MP: 2/14
  2805 | D:4      | Killed Dowan
  3026 | D:4      | Found a runed translucent door.
  3027 | D:4      | Identified the +1 hammer of Dexuoxan {freeze, rF+}
  3027 | D:4      | Noticed Crazy Yiuf
  3040 | D:4      | Killed Crazy Yiuf
  3045 | D:4      | Identified the +5 hammer of Trial by Ordeal {heavy, Fly
                  | rPois Str-4 Dex+3}
  3397 | D:4      | Reached skill level 6 in Conjurations
  3680 | D:5      | Entered Level 5 of the Dungeon
  3697 | D:5      | Identified the +3 leather armour of Guekarchu {Slay+2}
  3828 | D:5      | Reached skill level 1 in Fighting
  3984 | D:5      | Reached XP level 8. HP: 43/43 MP: 11/16
  4059 | D:5      | Reached skill level 5 in Spellcasting
  4581 | D:6      | Found an ornate altar of the Wu Jian Council.
  4666 | D:6      | Found a staircase to the Ecumenical Temple.
  4684 | D:6      | Reached skill level 7 in Conjurations
  4701 | Temple   | Entered the Ecumenical Temple
  4734 | Temple   | Became a worshipper of Ashenzari the Shackled
  5375 | D:6      | Found an ancient bone altar of Kikubaaqudgha.
  5376 | D:6      | Found a radiant altar of Vehumet.
  5378 | D:6      | Found a shimmering blue altar of Sif Muna.
  5384 | D:6      | Got Vehumet's Writings on Concussion
  5494 | D:6      | Reached XP level 9. HP: 51/51 MP: 9/18
  5547 | D:6      | Found a runed translucent door.
  5547 | D:6      | Found a shimmering altar of Xom.
  5547 | D:6      | Noticed TheRegalBeagle's ghost (novice OnBe)
  5547 | D:6      | Noticed a +0 short sword of chaos
  5638 | D:6      | Found a shadowy altar of Dithmenos.
  5642 | D:6      | Found a hazy altar of Hepliaklqana.
  5834 | D:7      | Reached skill level 8 in Conjurations
  5997 | D:7      | Reached skill level 5 in Dodging
  6505 | D:7      | Found a snail-covered altar of Cheibriados.
  6515 | D:7      | Reached XP level 10. HP: 58/58 MP: 0/20
  6562 | D:7      | Reached skill level 9 in Conjurations
  6877 | D:7      | Reached skill level 5 in Fighting
  6979 | D:7      | Found a bloodstained altar of Trog.
  7131 | D:7      | Reached skill level 10 in Air Magic
  7308 | D:7      | Noticed a two-headed ogre
  7316 | D:7      | Killed a two-headed ogre
  7826 | D:7      | Identified the +0 pair of boots of Reril {Slay+2}
  8084 | D:8      | Noticed Grum
  8093 | D:8      | Killed Grum
  8094 | D:8      | Reached skill level 10 in Conjurations
  8291 | D:8      | Found a staircase to the Lair.
  8306 | D:8      | Noticed Maurice
  8329 | D:8      | Killed Maurice
  8330 | D:8      | Reached XP level 11. HP: 66/66 MP: 2/23
  8558 | D:8      | Learned a level 5 spell: Fireball
  8812 | D:8      | Found a blossoming altar of Fedhas.
  8812 | D:8      | Noticed a two-headed ogre
  8819 | D:8      | Killed a two-headed ogre
  8820 | D:8      | Reached skill level 1 in Fire Magic
  8925 | D:8      | Found an iron altar of Okawaru.
  8939 | D:8      | Learned a level 6 spell: Conjure Ball Lightning
  9161 | D:9      | Found a white marble altar of Elyvilon.
  9169 | D:9      | Reached * piety under Ashenzari
  9345 | D:9      | Found an opulent altar of Gozag.
  9582 | D:9      | Reached skill level 11 in Conjurations
  9741 | D:9      | Reached ** piety under Ashenzari
  9889 | D:9      | Noticed a two-headed ogre
  9892 | D:9      | Killed a two-headed ogre
 10247 | D:10     | Entered Level 10 of the Dungeon
 10356 | D:10     | Noticed a two-headed ogre
 10364 | D:10     | Killed a two-headed ogre
 10388 | D:10     | Noticed Lodul
 10406 | D:10     | Killed Lodul
 10412 | D:10     | Reached XP level 12. HP: 76/76 MP: 1/27
 11265 | D:10     | Found Zin's Purification Station.
 11266 | D:10     | Found a glowing silver altar of Zin.
 11440 | D:10     | Found a basalt altar of Yredelemnul.
 11643 | Lair:1   | Entered Level 1 of the Lair of Beasts
 11766 | Lair:1   | Identified the +6 falchion of Nuggerededu {heavy, Str+4}
 12184 | Lair:1   | Reached *** piety under Ashenzari
 12225 | Lair:1   | Learned a level 7 spell: Orb of Destruction
 12287 | Lair:1   | Reached skill level 12 in Conjurations
 12602 | Lair:2   | Noticed a seven-headed hydra
 12607 | Lair:2   | Killed a seven-headed hydra
 12608 | Lair:2   | Reached skill level 5 in Fire Magic
 13002 | Lair:2   | Noticed Urug
 13015 | Lair:2   | Killed Urug
 13464 | Lair:3   | Noticed a seven-headed hydra
 13472 | Lair:3   | Killed a seven-headed hydra
 13731 | Lair:3   | Noticed a death yak
 13736 | Lair:3   | Reached XP level 13. HP: 69/84 MP: 6/29
 13936 | Lair:3   | Reached **** piety under Ashenzari
 13997 | Lair:3   | Found a staircase to the Shoals.
 14069 | Lair:3   | Reached skill level 10 in Dodging
 14106 | Lair:3   | Reached skill level 13 in Conjurations
 14246 | Lair:3   | Found a staircase to the Snake Pit.
 14444 | Lair:3   | Reached skill level 1 in Armour
 15845 | Lair:5   | Entered Level 5 of the Lair of Beasts
 15941 | Lair:5   | Reached skill level 10 in Spellcasting
 16101 | Lair:5   | Found a staircase to the Slime Pits.
 16236 | Lair:5   | Noticed a dire elephant
 16237 | Lair:5   | Noticed a dire elephant
 16237 | Lair:5   | Noticed a dire elephant
 16245 | Lair:5   | Reached XP level 14. HP: 64/92 MP: 22/31
 17096 | Lair:5   | Reached skill level 14 in Conjurations
 17470 | Lair:5   | Reached skill level 10 in Fighting
 17775 | Lair:5   | Killed a dire elephant
 17859 | Lair:5   | Killed a dire elephant
 18109 | D:2      | Noticed Natasha
 18110 | D:2      | Killed Natasha
 18123 | D:2      | Bought a +7 ring of evasion for 858 gold pieces
 18597 | D:11     | Identified the +1 robe of the Blessed Realm {Rampage rF+
                  | Dex+4}
 18653 | D:11     | Identified the +2 hat of Zin's Envy {rPois Dex+3}
 18721 | D:11     | Found Lehubot's Antique Armour Shoppe.
 18734 | D:11     | Bought a steaming leather armour for 175 gold pieces
 18734 | D:11     | Identified the +0 leather armour of Dawn {rF+ Int-3 Dex+2}
                  | (You bought it in a shop on level 11 of the Dungeon)
 18873 | D:11     | Reached skill level 5 in Armour
 19251 | D:12     | Found a staircase to the Orcish Mines.
 19259 | D:12     | Noticed Nessos
 19274 | D:12     | Killed Nessos
 19963 | D:12     | Noticed a purple very ugly thing
 19997 | D:12     | Identified the +7 trident of Tuusampa {spect, rC+ rN+}
 20042 | D:12     | Killed a purple very ugly thing
 20206 | D:12     | Learned a level 2 spell: Blink
 20732 | Orc:1    | Entered Level 1 of the Orcish Mines
 21070 | Orc:1    | Reached skill level 1 in Evocations
 21316 | Orc:2    | Entered Level 2 of the Orcish Mines
 21340 | Orc:2    | Reached XP level 15. HP: 85/97 MP: 14/33
 21409 | Orc:2    | Noticed Sonja
 21626 | Orc:2    | Found a staircase to the Elven Halls.
 21817 | Orc:2    | Killed Sonja
 22018 | Orc:2    | Reached skill level 15 in Conjurations
 22264 | Orc:2    | Reached skill level 1 in Shields
 22536 | Orc:2    | Found Mukewk's Jewellery Emporium.
 22537 | Orc:2    | Found Tyxt's General Store.
 22537 | Orc:2    | Found Jixkahis's Antique Armour Shoppe.
 22538 | Orc:2    | Found Umpyahuu's Antique Weapon Emporium.
 22782 | Orc:2    | Found Baes's CLEARANCE SALE!.
 22920 | D:11     | Bought a buckler for 112 gold pieces
 23200 | D:13     | Found a runed translucent door.
 23469 | D:13     | Found a runed translucent door.
 24278 | D:13     | Found Kiripe's Armour Boutique.
 24437 | D:13     | Found the ring of the Hare {EV+10}
 24497 | D:13     | Reached skill level 10 in Fire Magic
 24527 | D:13     | Found a gate to the Vaults.
 24535 | D:13     | Reached XP level 16. HP: 86/106 MP: 24/35
 24716 | D:14     | Identified the Tome of Apparitions
 24779 | D:14     | Reached ***** piety under Ashenzari
 24785 | D:14     | Identified the +0 war axe "Buoma" {flame, rElec}
 24831 | D:14     | Learned a level 5 spell: Arcjolt
 24838 | D:14     | Learned a level 6 spell: Plasma Beam
 24850 | D:14     | Learned a level 7 spell: Spellforged Servitor
 24865 | D:14     | Reached skill level 16 in Conjurations
 25285 | D:14     | Reached skill level 1 in Summonings
 25285 | D:14     | Reached skill level 5 in Evocations
 25781 | Snake:1  | Entered Level 1 of the Snake Pit
 26169 | Snake:1  | Identified the +2 kite shield of Koronu {rF+ Dex+3}
 26169 | Snake:1  | Noticed Donald
 26271 | Snake:1  | Killed Donald
 27174 | Snake:2  | Reached XP level 17. HP: 113/113 MP: 30/37
 27346 | Snake:2  | Reached skill level 5 in Summonings
 28374 | Snake:3  | Reached skill level 17 in Conjurations
 28395 | Snake:3  | Found a glacial archway.
 28403 | IceCv    | Entered an ice cave
 28588 | IceCv    | Reached skill level 5 in Shields
 28607 | IceCv    | HP: 1/113 [spriggan defender simulacrum (41)]
 29114 | IceCv    | Noticed an Ice Fiend
 29119 | IceCv    | Killed an Ice Fiend
 29141 | IceCv    | Identified the +2 leather armour "Idejugoxt" {Str+7 Int+4
                  | Dex+4}
 30208 | Snake:3  | Identified the +0 ring mail "Miomu" {rCorr}
 30865 | Snake:4  | Entered Level 4 of the Snake Pit
 30893 | Snake:4  | Identified the serpent talisman of the Pit {rF++ rCorr
                  | Str-4 SInv}
 30893 | Snake:4  | Noticed Aizul
 30902 | Snake:4  | Killed Aizul
 30903 | Snake:4  | Reached XP level 18. HP: 78/116 MP: 1/38
 31182 | Snake:4  | Reached skill level 18 in Conjurations
 32254 | Snake:4  | Got a serpentine rune of Zot
 32813 | Snake:4  | Identified the +8 mace of Trial by Ordeal {flame, Dex+4}
 33045 | Shoals:1 | Entered Level 1 of the Shoals
 33966 | Shoals:2 | Reached skill level 10 in Summonings
 34005 | Shoals:2 | Reached skill level 19 in Conjurations
 34303 | Shoals:2 | Reached ****** piety under Ashenzari
 34321 | Shoals:2 | Identified Gummadoth's Atlas of the Door
 35082 | Shoals:3 | Reached XP level 19. HP: 100/122 MP: 14/40
 35877 | Shoals:3 | Identified the +4 tower shield of the Wasteland {Harm
                  | Will++ Int-4 SInv}
 36008 | Shoals:3 | Noticed Nikola
 36009 | Shoals:3 | Noticed Louise
 36021 | Shoals:3 | Killed Nikola
 36025 | Shoals:3 | Killed Louise
 36100 | Shoals:3 | Found Vocveu's Book Shoppe.
 36118 | Shoals:3 | Learned a level 8 spell: Ignition
 36549 | Shoals:4 | Entered Level 4 of the Shoals
 36959 | Shoals:4 | Noticed Ilsuiw
 36962 | Shoals:4 | Killed Ilsuiw
 37116 | Shoals:4 | Identified the +6 orcbow of Theory {freeze, rN+}
 37204 | Shoals:4 | Got a barnacled rune of Zot
 37512 | Shoals:4 | Found a runed translucent door.
 37512 | Shoals:4 | Found a shimmering altar of Xom.
 37513 | Shoals:4 | Noticed FoolsGold's ghost (adept MiBe)
 37989 | Elf:1    | Entered Level 1 of the Elven Halls
 38109 | Elf:1    | Reached skill level 20 in Conjurations
 38226 | Elf:1    | Reached XP level 20. HP: 33/131 MP: 12/42
 39367 | Elf:2    | Reached skill level 15 in Spellcasting
 39524 | Elf:2    | Found Wuretop's Armour Shoppe.
 39529 | Elf:2    | Reached skill level 15 in Dodging
 40057 | Elf:2    | Found a huge runed translucent gate.
 40057 | Elf:2    | Found a huge runed translucent gate.
 40057 | Elf:2    | Found a huge runed translucent gate.
 40057 | Elf:2    | Found a huge runed translucent gate.
 40057 | Elf:2    | Found a huge runed translucent gate.
 40240 | Elf:3    | Entered Level 3 of the Elven Halls
 40366 | Elf:3    | Identified the +4 mace "Qihocesch" {drain, ^Drain rPois
                  | Will++ SInv}
 40547 | Elf:3    | Reached skill level 15 in Fire Magic
 40990 | Elf:3    | Identified the +2 robe "Radwogh" {Archmagi}
 41033 | Elf:3    | Reached skill level 21 in Conjurations
 41241 | Elf:3    | Identified the +5 scimitar of Comukounac {flame, rElec}
 41245 | Elf:3    | Identified the +6 ring mail "Duwaehit" {^Drain rN+ Int+2}
 41245 | Elf:3    | Identified the ring of Feag {+Blink rCorr Str-4 Int+8
                  | Stlth-}
 41245 | Elf:3    | Identified the ring "Xecad" {rN+ MP+9 Dex+3}
 41246 | Elf:3    | Found the +3 giant club "Skullcrusher" {speed, Str+7}
 41280 | Elf:3    | Identified the staff "Kuno" {rC+ Str+3 Ice}
 41693 | Vaults:1 | Entered Level 1 of the Vaults
 41868 | Vaults:1 | Reached XP level 21. HP: 137/137 MP: 26/43
 42309 | Vaults:1 | Identified the +6 dagger of the Hugging Stork {venom, Str+3
                  | Dex+4}
 43027 | Vaults:2 | Found a staircase to the Crypt.
 43197 | Vaults:2 | HP: 2/137 [ironbound frostheart/creeping frost (46)]
 44546 | Vaults:3 | Found Vedompom's Magic Scroll Emporium.
 44570 | Vaults:3 | Reached skill level 15 in Fighting
 45703 | Vaults:4 | Reached XP level 22. HP: 148/148 MP: 38/46
 45750 | Vaults:4 | Reached skill level 22 in Conjurations
 46459 | Vaults:4 | Paralysed by a sphinx for 5 turns
 46530 | Vaults:4 | Noticed a dread lich
 46677 | Vaults:4 | Killed a dread lich
 46971 | Vaults:4 | Identified the +0 robe of the Butterfly {Dex+5}
 46971 | Vaults:4 | Identified the +2 scale mail of Imeonuamp {-Cast Regen+
                  | Str+5}
 47389 | Vaults:5 | Entered Level 5 of the Vaults
 47389 | Vaults:5 | Identified the +2 scale mail of Altruism {Harm rPois rC-
                  | Int+4}
 47566 | Vaults:5 | Reached XP level 23. HP: 92/155 MP: 24/48
 47596 | Vaults:5 | Reached skill level 10 in Armour
 47675 | Vaults:5 | Noticed a dread lich
 47675 | Vaults:5 | Identified the +9 sling "Ontiridu" {heavy, ^Contam rN+
                  | Int+4}
 47676 | Vaults:5 | Identified the amulet "Umyaj" {RegenMP Regen+ Slay+5}
 48140 | Vaults:5 | Killed a dread lich
 48141 | Vaults:5 | Reached skill level 23 in Conjurations
 48205 | Vaults:5 | Noticed Mara
 48213 | Vaults:5 | Killed Mara
 48421 | Vaults:5 | Noticed a dread lich
 48451 | Vaults:5 | Paralysed by a dread lich for 4 turns
 48453 | Vaults:5 | Killed a dread lich
 48599 | Vaults:5 | Identified the Lectures on Argyropoeia and the Welkin
 48600 | Vaults:5 | Identified Purghotaff's Elucidation of the Glacier and Doom
 48608 | Vaults:5 | Got a silver rune of Zot
 49288 | Vaults:5 | Identified the amulet of the Smoking Hero {Faith Harm Str+3
                  | Int+5 Dex-3}
 49305 | Vaults:5 | Identified the +6 arbalest of Scuffed Punishment {heavy,
                  | Int+8}
 49305 | Vaults:5 | Identified Suneice's Omnibus of Variable Interference
 49709 | D:15     | Entered Level 15 of the Dungeon
 49778 | D:15     | Reached XP level 24. HP: 161/161 MP: 26/48
 50123 | D:15     | Found a staircase to the Depths.
 50517 | Depths:1 | Entered Level 1 of the Depths
 51252 | Depths:1 | Found an ornate altar of the Wu Jian Council.
 51262 | Depths:1 | Identified the +6 broad axe "Jyof" {freeze, Int+3 Dex+2}
 51428 | Depths:1 | Found a one-way gate leading to the halls of Pandemonium.
 51437 | Depths:1 | Learned a level 7 spell: Summon Hydra
 51443 | Depths:1 | Found Pypnefuf's Assorted Antiques.
 51443 | Depths:1 | Found Kemiatez's Assorted Antiques.
 51504 | Depths:1 | Found a one-way gate to the infinite horrors of the Abyss.
 51560 | Depths:1 | Found a gateway to Hell.
 52063 | Depths:2 | Identified the Notes on Curses and Transmogrification
 52231 | Depths:2 | Identified the +8 plate armour of the Pirate {SInv Stlth+}
 52249 | Depths:2 | Noticed a juggernaut
 52267 | Depths:2 | Paralysed by a vampire knight for 5 turns
 52271 | Depths:2 | HP: 3/168 [vampire knight/+0 glaive (6)]
 52300 | Depths:2 | Killed a juggernaut
 52687 | Depths:2 | Found a one-way gateway to a ziggurat.
 52715 | Depths:2 | Identified the Anthology of the Hindering Iceberg
 52953 | Depths:2 | Identified the Compendium of the Tundra and the Welkin
 52979 | Depths:2 | Learned a level 8 spell: Maxwell's Capacitive Coupling
 53052 | Depths:2 | Identified the amulet of Ru's Hope {RegenMP Str+2}
 53052 | Depths:2 | Identified Xeloc's Tractate on the Displaced Catalyst
 53070 | Depths:2 | Reached XP level 25. HP: 173/173 MP: 44/50
 53083 | Depths:2 | Identified the +9 spear of Sulphur {flame, rCorr MP+9 Str-3
                  | Stlth+}
 53085 | Depths:2 | Identified the +2 scale mail of Xeretih {rC+ Str+4 Dex+6}
 53263 | Depths:3 | Reached skill level 15 in Summonings
 53493 | Depths:3 | Noticed an ancient lich
 53502 | Depths:3 | Identified the +7 chain mail of Honesty {rF+ rC+ Str-4}
 53558 | Depths:3 | Identified the +11 flail of tymior's Infinite Pain {drain,
                  | rPois rC+}
 53558 | Depths:3 | Identified the ring "Gint" {rElec MP+9 Dex+6}
 53563 | Depths:3 | Killed an ancient lich
 53638 | Depths:3 | Identified the +2 ring mail of Rorur {rN+}
 53798 | Depths:3 | Identified the +0 rapier of Infinite Pain {spect, rC- rCorr
                  | Str-3 SInv}
 53975 | Depths:3 | Reached skill level 15 in Air Magic
 54476 | Depths:4 | Entered Level 4 of the Depths
 54616 | Depths:4 | Found a gate to the Realm of Zot.
 54790 | Depths:4 | Identified the +6 war axe "Nager" {freeze, rCorr Int+2
                  | Dex-5}
 54953 | Depths:4 | Reached skill level 5 in Stealth
 55409 | Zot:1    | Entered Level 1 of the Realm of Zot
 56277 | Zot:1    | Reached XP level 26. HP: 182/182 MP: 7/50
 56749 | Zot:1    | Identified the +3 hand axe of the Seven Dances {venom,
                  | rElec rPois Str+3}
 57163 | Zig:1    | Entered Level 1 of a ziggurat
 57163 | Zig:1    | Identified the +0 buckler of the Soldier {Will+}
 57183 | Zig:2    | Entered Level 2 of a ziggurat
 57183 | Zig:2    | Found the +7 great mace "Firestarter" {flame, immolate,
                  | rFlCloud rF++}
 57217 | Zig:3    | Entered Level 3 of a ziggurat
 57284 | Zig:4    | Entered Level 4 of a ziggurat
 57289 | Zig:4    | Noticed a dread lich
 57294 | Zig:4    | Killed a dread lich
 57347 | Zig:5    | Entered Level 5 of a ziggurat
 57441 | Zig:5    | Identified the ring "Vomm" {Fly rElec rPois Int-4 Dex+4
                  | Stlth+}
 57460 | Zig:6    | Entered Level 6 of a ziggurat
 57471 | Zig:6    | Identified the staff "Bung" {rF+ Dex+2 Fire}
 57472 | Zig:6    | Identified the Vademecum on the Cooperative Maleficium
 57521 | Zig:7    | Entered Level 7 of a ziggurat
 57528 | Zig:7    | Identified the +6 hand axe "Kiellof" {chaos, Int+3}
 57529 | Zig:7    | Identified the staff "Hoxoadd" {rF+ rC++ rN+ Necro}
 57533 | Zig:7    | Reached skill level 10 in Stealth
 57534 | Zig:7    | Found the +2 hood of the Assassin {Detect Stab+ Stlth++}
 57618 | Zig:8    | Entered Level 8 of a ziggurat
 57627 | Zig:8    | Identified the ring "Ezoyriy" {rElec Str+5 Int+6 Dex+2}
 57631 | Zig:8    | Reached skill level 1 in Necromancy
 57632 | Zig:8    | Reached skill level 1 in Staves
 57694 | Zig:9    | Entered Level 9 of a ziggurat
 57704 | Zig:9    | Noticed a royal mummy
 57706 | Zig:9    | Noticed a royal mummy
 57712 | Zig:9    | Killed a royal mummy
 57727 | Zig:9    | Killed a royal mummy
 57861 | Zig:9    | Identified the +7 short sword of the Burning God
                  | {antimagic, *Rage rElec Will++ Dex+3}
 57861 | Zig:9    | Identified the Vellum of Virous Locality
 57906 | Zig:10   | Entered Level 10 of a ziggurat
 57917 | Zig:10   | Identified the ring of the Komodo Dragon {rPois Str+4 Int+3
                  | Dex-2 Slay+4}
 57926 | Zig:10   | Identified An Early Guide to Spellwork
 57954 | Zig:10   | Reached XP level 27. HP: 156/188 MP: 17/50
 58000 | Zig:11   | Entered Level 11 of a ziggurat
 58014 | Zig:11   | Noticed a dread lich
 58015 | Zig:11   | Noticed a dread lich
 58015 | Zig:11   | Noticed a dread lich
 58018 | Zig:11   | Killed a dread lich
 58022 | Zig:11   | Killed a dread lich
 58028 | Zig:11   | Killed a dread lich
 58046 | Zig:11   | Identified Ciwen's Compilation of Translocational
                  | Invitation
 58046 | Zig:11   | Identified the ring "Mynn" {Dex+5 SInv}
 58098 | Zig:12   | Entered Level 12 of a ziggurat
 58113 | Zig:12   | Noticed Eclieped the pandemonium lord
 58114 | Zig:12   | Reached skill level 5 in Staves
 58114 | Zig:12   | Reached skill level 5 in Necromancy
 58122 | Zig:12   | Killed Eclieped the pandemonium lord
 58143 | Zig:12   | Identified the ring "Atiomog" {Ice +Blink rElec Will+
                  | Int+4}
 58143 | Zig:12   | Identified the +8 broad axe of the Thoughtful Xenops
                  | {heavy, Str+5 Int+2 Dex-5}
 58487 | Zot:2    | Learned a level 9 spell: Fire Storm
 58908 | Zot:2    | Identified the +7 shortbow of the Lair of Beasts {flame,
                  | rC+}
 59351 | Zot:3    | Reached skill level 24 in Conjurations
 60135 | Zot:4    | Identified the ring "Zatriuq" {Ice Int+2}
 60135 | Zot:4    | Noticed Josephina
 60141 | Zot:4    | Killed Josephina
 60504 | Zot:4    | Reached skill level 25 in Conjurations
 61297 | Zot:5    | Entered Level 5 of the Realm of Zot
 61300 | Zot:5    | Noticed an orb of fire
 61910 | Zot:5    | Killed an orb of fire
 62054 | Zot:5    | Gained mutation: You are dopey. (Int -2) [mutagenic glow]
 62068 | Zot:5    | Gained mutation: Your magical capacity is low. (-10% MP)
                  | [mutagenic glow]
 62077 | Zot:5    | Gained mutation: You occasionally lose the ability to read
                  | scrolls when taking damage. [mutagenic glow]
 62099 | Zot:5    | Lost mutation: You are dopey. (Int -2) [potion of mutation]
 62099 | Zot:5    | Lost mutation: Your magical capacity is low. (-10% MP)
                  | [potion of mutation]
 62099 | Zot:5    | Gained mutation: You are frail. (-10% HP) [potion of
                  | mutation]
 62099 | Zot:5    | Gained mutation: You are weak. (Str -2) [potion of
                  | mutation]
 62100 | Zot:5    | Lost mutation: You are weak. (Str -2) [potion of mutation]
 62100 | Zot:5    | Lost mutation: You are frail. (-10% HP) [potion of
                  | mutation]
 62100 | Zot:5    | Gained mutation: Your spells are a little harder to cast,
                  | but a little more powerful. [potion of mutation]
 62100 | Zot:5    | Gained mutation: You are clumsy. (Dex -2) [potion of
                  | mutation]
 62100 | Zot:5    | Gained mutation: Your muscles are strong. (Str +4, Int/Dex
                  | -1) [potion of mutation]
 62116 | Zot:5    | Noticed an orb of fire
 62119 | Zot:5    | Noticed an orb of fire
 62132 | Zot:5    | Noticed a dread lich
 62137 | Zot:5    | Killed a dread lich
 62300 | Zot:5    | Noticed an orb of fire
 62320 | Zot:5    | Killed an orb of fire
 62321 | Zot:5    | Reached skill level 26 in Conjurations
 62452 | Zot:5    | Noticed an orb of fire
 62461 | Zot:5    | Gained mutation: You sometimes lose your temper in combat.
                  | [an orb of fire]
 62462 | Zot:5    | Killed an orb of fire
 62499 | Zot:5    | Noticed an orb of fire
 62500 | Zot:5    | Noticed an orb of fire
 62505 | Zot:5    | Gained mutation: Your magical capacity is low. (-10% MP)
                  | [an orb of fire]
 62507 | Zot:5    | Killed an orb of fire
 62512 | Zot:5    | Killed an orb of fire
 62601 | Zot:5    | Gained mutation: You are partially covered in iridescent
                  | scales. (AC +2) [an orb of fire]
 62602 | Zot:5    | Killed an orb of fire
 62672 | Zot:5    | Killed an orb of fire
 62678 | Zot:5    | Noticed an orb of fire
 62679 | Zot:5    | Gained mutation: You are very clumsy. (Dex -4) [an orb of
                  | fire]
 62683 | Zot:5    | Gained mutation: You are frail. (-10% HP) [an orb of fire]
 62683 | Zot:5    | Gained mutation: Armour fits poorly on your strangely
                  | shaped body. [an orb of fire]
 62685 | Zot:5    | Killed an orb of fire
 62747 | Zot:5    | Noticed an orb of fire
 62754 | Zot:5    | Killed an orb of fire
 63015 | Zot:5    | Got the Orb of Zot
 63092 | Zot:5    | Noticed an orb of fire
 63092 | Zot:5    | Lost mutation: Your muscles are strong. (Str +4, Int/Dex
                  | -1) [an orb of fire]
 63093 | Zot:5    | Gained mutation: Your body sometimes deteriorates upon
                  | taking damage. [an orb of fire]
 63709 | D:$      | Escaped with the Orb!

Illustrated notes

Levels and vault maps discovered:
D:1:      wander_arrival_lonely_grave, layout_basic, serial_shops, shop,
          patterned_corridor
D:2:      layout_basic, dreamdust_ecumenical_altar_angels_and_demons,
          nicolae_shop_unique_rings, item_on_display_a, uniq_jessica,
          uniq_natasha
D:3:      layout_rooms, bh_walls_and_bars
D:4:      layout_basic, uniq_duvessa, uniq_crazy_yiuf_cottage
D:5:      layout_basic
D:6:      layout_rooms, riverfiend_overflow_shadow_ancestor,
          grunt_temple_overflow_magic_moments, nicolae_overflow_hidden_temple,
          minmay_temple_entry_sparse_star, ebering_ghost_xom
D:7:      lemuel_castle_with_subvaults [lemuel_castle_interior_carwin_2],
          layout_cave_pods, trog_book, slow_altar_1
D:8:      layout_rooms, jmf_multi_god_temple2, lair_entry_dummy,
          serial_library_hellmonk_hallway_a, minmay_misc_feat_tiny, uniq_grum,
          uniq_maurice
D:9:      layout_gridville, grunt_gozag_breadcrumbs,
          nicolae_elyvilon_temple_path
D:10:     layout_loops_ring, lemuel_zombie_altar_yredelemnul, zin_purify,
          uniq_lodul
D:11:     layout_loops_ring, serial_shops, nicolae_shop_hallway_plus,
          fountainhead, dreamdust_mushroom_princess, hangedman_minor_magic
D:12:     minmay_the_grid_octo_triangle [minmay_the_grid_octo_thin_diamonds,
          minmay_the_grid_octo_prize_big_c,
          minmay_the_grid_octo_tetromino_candy], layout_small_grid,
          minmay_orc_entry_temple_small, uniq_nessos
D:13:     cheibrodos_histonic, layout_cave_pools, grunt_vaults_entry_fortified,
          serial_shops, nicolae_shop_tiny_real_fake_doors
D:14:     cheibrodos_wizards_tower, layout_loops_ring, serial_park_square1
          [serial_park_minivault_5x5_8], serial_aquarium, aquarium_bridge_square
          [aquarium_subvault_wall, aquarium_subvault_bridge,
          aquarium_subvault_bridge, aquarium_subvault_balcony],
          aquarium_window_1, aquarium_window_fake, aquarium_view_2c,
          aquarium_balcony_5a, aquarium_pool_corner
D:15:     gammafunk_enter_depths_forms, layout_cross, beargit_elvish_explorers
Temple:   nicolae_temple_superstar
Lair:1:   layout_chaotic_city, lemuel_fruit_tree, grunt_megastairs_5
Lair:2:   layout_long_grid, serial_bayou_shore_b, uniq_urug
Lair:3:   layout_regular_city, elwin_shoals_entry_rocks,
          guppyfry_snake_entry_garden, grunt_forest_large_clearings
Lair:4:   layout_roguey
Lair:5:   due_jungle_book, layout_concentric_octagons, slime_entry_2
Shoals:1: layout_shoals, overgrown_tower, nicolae_shoals_stone_sculpture_thing
Shoals:2: layout_shoals, nicolae_shoals_elemental_ambush
Shoals:3: layout_shoals, serial_shops, shop, nicolae_shoals_mertower,
          nicolae_shoals_former_cling_halls, uniq_louise, uniq_nikola
Shoals:4: shoals_end_hangedman, layout_shoals, shoals_ilsuiw_alternative,
          ebering_ghost_xom
Snake:1:  layout_misc_corridors, uniq_donald
Snake:2:  layout_chambers
Snake:3:  layout_concentric_octagons, portal_ice_cave_entry_dragon,
          nicolae_snake_salamander_fort
Snake:4:  grunt_snake_rune_spirals, layout_onion, serial_bayou_lake_a,
          uniq_aizul
Orc:1:    layout_diamond_mine
Orc:2:    st_orc_pillars, layout_caves, basic_altar, nicolae_shop_clearance,
          uniq_sonja
Elf:1:    eino_elf_arrival_shootout, layout_onion_city,
          nicolae_elf_blasts_and_bolts, minivault_8
Elf:2:    elven_hall_of_blades_hangedman_alternative
          [nicolae_blade_entry_hurt_lockers], layout_geoelf_diagonals,
          minmay_shop_star
Elf:3:    elf_hall, layout_gridlike, hangedman_elf_simple_split,
          serial_sigils_hangedman_gut
Vaults:1: vaults_room_pools, vaults_mumra_minichess_inversion, v_misc_3,
          ontoclasm_vaults_fault, nicolae_vaults_specimen_jars, v_misc_8,
          v_alt_pattern_4, v_pattern_1, nicolae_vaults_prndl,
          nicolae_vaults_wrenched, layout_vaults_omnicross
Vaults:2: nicolae_vaults_swerve, nicolae_vaults_border_crossing,
          nicolae_vaults_oval_intersection, vaults_room_fours,
          nicolae_vaults_heart-shaped_vault, v_misc_8,
          nicolae_vaults_security_offices_5, layout_vaults_omnigrid,
          dummy_crypt_entry
Vaults:3: nicolae_vaults_tetromino_T_1, v_misc_28, v_misc_27,
          nicolae_vaults_closet_pinwheel_5, hangedman_vaults_corner_blocks,
          grunt_vaults_hallway_short, ontoclasm_vaults_ring_small,
          layout_vaults_big_room, serial_shops, shop
Vaults:4: dpeg_vaults_hating_casters, v_misc_26, v_misc_15,
          nicolae_vaults_offset_grid_hallway_2, v_misc_12,
          nicolae_vaults_weapon_check, nicolae_vaults_angled_halls, v_pattern_4,
          nicolae_vaults_circle_grid_b, nicolae_vaults_storage_room_glass,
          vaults_room_grunt_arrival_checkpoint, nicolae_vaults_surprise_closet,
          layout_vaults_maze_snakey
Vaults:5: serial_shops, uniq_mara
Depths:1: nicolae_aperiodic_l_corner, layout_gridlike, minmay_misc_feat_square,
          pan_entry, minmay_room_of_horrors, hell_entry,
          nicolae_wu_jian_glorious_leap, minmay_shoptagon
Depths:2: evilmike_lava_path, layout_cave_pools, enter_ziggurat_b,
          lightli_too_deep, abyss_entry_crystal, grunt_pan_entry_sceptre,
          minmay_librarian
Depths:3: minmay_complete_graph, layout_honeycomb, abyss_entry, minivault_14,
          pf_dread_powers_of_hell
Depths:4: grunt_zot_entry_tricorne, layout_small_grid,
          serial_library_hellmonk_big_corner, abyss_entry, hell_entry
Zot:1:    kennysheep_oblong_rooms, layout_cathedral_of_symmetry
Zot:2:    kennysheep_bubbly, layout_cellular_growth, uniq_grunn
Zot:3:    layout_concentric_octagons, hangedman_player_shredder
Zot:4:    layout_concentric_octagons, hangedman_zot_wheel_spokes, uniq_josephina
Zot:5:    layout_cathedral_of_symmetry

Skill      XL: |  1  2  3  4  5  6  7  8  9 10 11 12 13 14 15 16 17 18 19 20 21 22 23 24 25 26 27 |
---------------+----------------------------------------------------------------------------------+-----
Conjurations   | 2 3 4 5 6 7 8 10 11 12 13 14 15 16 17 19 20 21 22 23 26 | 26.4
Spellcasting   | 3 4 5 6 7 8 9 10 11 12 13 14 15 16 17 18 19 | 19.2
Air Magic      | 5 6 7 8 9 11 12 13 14 15 16 | 16.2
Fighting       | 1 3 4 6 7 8 9 10 11 12 13 14 15 16 17 18 19 22 | 22.2
Dodging        | 4 5 7 8 9 10 11 12 13 14 15 16 17 18 19 20 | 20.5
Fire Magic     | 3 5 7 8 10 11 12 13 14 15 16 17 18 21 | 21.2
Armour         | 3 5 8 9 11 12 | 12.9
Evocations     | 1 4 5 |  5.9
Shields        | 3 6 7 8 |  8.2
Summonings     | 4 7 10 11 12 14 16 | 16.4
Stealth        | 7 11 13 | 13.1
Necromancy     | 3 5 |  5.8
Staves         | 3 5 |  5.8

Action                     |  1- 3 |  4- 6 |  7- 9 | 10-12 | 13-15 | 16-18 | 19-21 | 22-24 | 25-27 || total
---------------------------+-------+-------+-------+-------+-------+-------+-------+-------+-------++-------
  Melee: Unarmed           |     6 |       |       |       |       |       |       |       |       ||     6
         Dagger            |    18 |    11 |       |       |       |       |       |       |       ||    29
         Kick              |     8 |    11 |    26 |    76 |    65 |    97 |   146 |   215 |   305 ||   949
         Peck              |     2 |     4 |    13 |    41 |    45 |    63 |    99 |   134 |   187 ||   588
         Broad axe         |       |    32 |     7 |       |       |       |       |       |       ||    39
         Mace              |       |       |    97 |   157 |   168 |   153 |       |       |       ||   575
         Punch             |       |       |     1 |     1 |     1 |       |       |       |       ||     3
         Staff             |       |       |       |       |       |    59 |   346 |   400 |   467 ||  1272
   Cast: Shock             |    35 |    55 |    67 |    39 |     3 |       |       |       |       ||   199
         Airstrike         |       |     2 |    43 |   118 |   318 |    36 |       |     2 |     2 ||   521
         Swiftness         |       |       |     6 |     1 |     1 |       |       |       |     1 ||     9
         Static Discharge  |       |       |    16 |    34 |    98 |       |       |       |       ||   148
         Conjure Ball Ligh |       |       |       |    14 |    34 |       |       |       |       ||    48
         Fireball          |       |       |       |     7 |    94 |    30 |    21 |       |       ||   152
         Orb of Destructio |       |       |       |       |    24 |    18 |     3 |    38 |   131 ||   214
         Blink             |       |       |       |       |     3 |       |       |       |       ||     3
         Plasma Beam       |       |       |       |       |       |   349 |   170 |   139 |    41 ||   699
         Arcjolt           |       |       |       |       |       |    53 |    48 |    13 |    20 ||   134
         Spellforged Servi |       |       |       |       |       |     2 |     1 |    42 |   104 ||   149
         Ignition          |       |       |       |       |       |       |    77 |   112 |   190 ||   379
         Summon Hydra      |       |       |       |       |       |       |       |     4 |    27 ||    31
         Maxwell's Capacit |       |       |       |       |       |       |       |     1 |    10 ||    11
         Fire Storm        |       |       |       |       |       |       |       |       |     2 ||     2
 Invoke: Curse Item        |       |       |       |     5 |     2 |     5 |     1 |     1 |     1 ||    15
         Shatter the Chain |       |       |       |       |     1 |     2 |     1 |     1 |     1 ||     6
  Evoke: Wand              |       |       |     2 |     8 |     8 |     3 |       |     6 |    23 ||    50
         Lightning rod     |       |       |       |       |    13 |    11 |     3 |     6 |     9 ||    42
         Phial of floods   |       |       |       |       |     2 |       |       |     1 |     1 ||     4
         Box of beasts     |       |       |       |       |     1 |       |       |       |       ||     1
    Use: Scroll            |       |     8 |     4 |       |     4 |     5 |     3 |    10 |    15 ||    49
         Potion            |       |       |     3 |       |     1 |     2 |     5 |    12 |    20 ||    43
   Stab: Sleeping          |     1 |     4 |       |     3 |     3 |     2 |     4 |     3 |     1 ||    21
         Distracted        |       |       |     1 |       |     1 |     1 |     2 |     3 |    13 ||    21
         Paralysed         |       |       |     1 |     5 |       |       |       |       |       ||     6
         Invisible         |       |       |       |     1 |     1 |       |       |       |       ||     2
 Armour: Robe              |    15 |    31 |     9 |       |       |       |       |       |       ||    55
         Leather armour    |       |       |   108 |   183 |   310 |   102 |    61 |       |       ||   764
         Ring mail         |       |       |       |       |       |       |    44 |   226 |   265 ||   535
         Skin              |       |       |       |       |       |       |       |       |     9 ||     9
  Dodge: Dodged            |    25 |    36 |   215 |   388 |   613 |   536 |   458 |   721 |   958 ||  3950
  Block: Buckler           |       |       |       |       |    20 |    39 |       |       |       ||    59
         Kite shield       |       |       |       |       |       |   319 |   402 |   454 |   518 ||  1693
